 Dungeon Crawl Stone Soup version 0.32-a0-900-g30fb1b0edc (webtiles) character file.

Game seed: 15783508678649558127

68331 Shayle the Arsonist (level 15, 0/172 HPs)
             Began as a Coglin Alchemist on Apr 4, 2024.
             Was a High Priest of Vehumet.
             Succumbed to a sea snake's poison
             ... on level 1 of the Shoals on Apr 5, 2024.
             The game lasted 02:05:47 (26158 turns).

Shayle the Arsonist (Coglin Alchemist)             Turns: 26158, Time: 02:05:47

Health: 0/172      AC: 14    Str:  8    XL:     15   Next: 26%
Magic:  16/28      EV: 15    Int: 22    God:    Vehumet [*****.]
Gold:   1496       SH:  0    Dex: 15    Spells: 6/32 levels left

rFire   + . .        y - +4 trident (drain) {Marzena}
rCold   + . .        b - +2 flail (heavy) {Arashi}
rNeg    . . .        J - +2 leather armour {rF+}
rPois   +            E - +1 hat
rElec   .            e - +2 cloak
rCorr   +            x - +2 pair of gloves
SInv    .            (no boots)
Will    .....        (amulet unavailable) Stlth
                     (ring unavailable)
HPRegen 0.48/turn    (ring unavailable)
MPRegen 0.21/turn    Q - experimental compensator {Gadgeteer, rPois rC+ rCorr}

%: no passive effects
@: berserking, lethally poisoned (0 -> -28), weak-willed, invisible, revving,
quick
A: off-hand wielding, slow wielding, warmup strikes, no jewellery
a: Renounce Religion


You were on level 1 of the Shoals.
You worshipped Vehumet.
Vehumet was extremely pleased with you.
You visited 5 branches of the dungeon, and saw 21 of its levels.
You also visited: Sewer and Volcano.

You collected 2038 gold pieces.
You spent 542 gold pieces at shops.

Inventory:

Hand Weapons
 a - the +10 hand axe "Icwyx" {pain, rF+ Int+3}
   (You bought it in a shop on level 2 of the Orcish Mines)

   Int+3:     It affects your intelligence (+3).
   rF+:       It protects you from fire.
 b - a +2 heavy flail (offhand) {Arashi}
 i - the +1 sling of Wevefu {heavy, rF+ MP+9}
   (You found it on level 10 of the Dungeon)

   rF+:       It protects you from fire.
   MP+9:      It affects your magic capacity (+9).
 y - a +4 trident of draining (weapon) {Marzena}
 L - the +5 long sword of Akideess {venom, Will++}
   (You found it on level 5 of the Lair of Beasts)

   Will++:    It greatly increases your willpower.
Missiles
 F - 10 curare-tipped darts
Armour
 e - a +2 cloak (worn)
 v - a +1 troll leather armour
 x - a +2 pair of gloves (worn)
 D - a +1 robe of cold resistance
 E - a +1 hat (worn)
 H - +0 fire dragon scales
 J - a +2 leather armour of fire resistance (worn)
Gizmo
 Q - an experimental compensator (installed) {Gadgeteer, rPois rC+ rCorr}
   (You invented it yourself on level 5 of the Lair of Beasts)

   [experimental compensator]

   Gadgeteer: Your evocable items recharge 30% faster and wands have a 30%
   chance to not spend a charge.
   rC+:       It protects you from cold.
   rPois:     It protects you from poison.
   rCorr:     It protects you from acid and corrosion.
Wands
 o - a wand of mindburst (7)
 p - a wand of flame (37)
 A - a wand of charming (6)
 N - a wand of iceblast (7)
 P - a wand of light (1)
Scrolls
 d - a scroll of enchant weapon
 f - a scroll of amnesia
 g - a scroll of poison
 k - a scroll of teleportation
 n - 3 scrolls of vulnerability
 u - 4 scrolls of fog
 B - 2 scrolls of revelation
 R - a scroll of brand weapon
Potions
 h - 2 potions of might
 j - 3 potions of haste
 l - 3 potions of attraction
 m - 3 potions of enlightenment
 q - 4 potions of resistance
 s - 4 potions of mutation
 t - 3 potions of magic
 w - a potion of ambrosia {unknown}
 z - 3 potions of brilliance
 C - a potion of lignification


   Skills:
 - Level 9.9 Fighting
 - Level 9.0 Armour
 - Level 10.6 Dodging
 - Level 1.5 Stealth
 - Level 9.0 Spellcasting
 + Level 4.4 Conjurations
 - Level 11.4 Fire Magic
 - Level 10.0 Ice Magic
 - Level 5.0 Alchemy


You had 6 spell levels left.
You knew the following spells:

 Your Spells              Type           Power      Damage    Failure   Level
a - Sting                 Conj/Alch      100%       1d9       1%          1
b - Mephitic Cloud        Conj/Alch/Air  23%        N/A       2%          3
c - Scorch                Fire           100%       2d9       1%          2
d - Sticky Flame          Fire/Alch      46%        2d9       1%          4
e - Olgreb's Toxic Radia  Alch           32%        N/A       3%          4
f - Summon Blazeheart Go  Fire/Summ      35%        N/A       9%          4
g - Frozen Ramparts       Ice            100%       1d16      1%          3
h - Freezing Cloud        Conj/Ice/Air   15%        6-21      10%         5

Your spell library contained the following spells:

 Spells                   Type           Power      Damage    Failure   Level
 Lee's Rapid Deconstruct  Erth           4%         3d5*      50%         5
 Kiss of Death            Conj/Necr      76%        2d11      1%          1
 Mercury Vapours          Alch/Air       40%        N/A       1%          2
 Ozocubu's Armour         Ice            52%        N/A       1%          3
 Flame Wave               Conj/Fire      44%        2d11      1%          4
 Necrotise                Necr           36%        1d5       9%          1
 Summon Small Mammal      Summ           36%        N/A       9%          1
 Irradiate                Conj/Alch      15%        3d16      10%         5
 Sublimation of Blood     Necr           9%         N/A       13%         2
 Call Canine Familiar     Summ           9%         N/A       26%         3
 Confusing Touch          Hex            9%         N/A       26%         3
 Fugue of the Fallen      Necr           9%         N/A       26%         3
 Vampiric Draining        Necr           9%         2d6       26%         3
 Petrify                  Alch/Erth      20%        N/A       30%         4
 Metabolic Englaciation   Hex/Ice        15%        N/A       30%         5
 Dispel Undead            Necr           9%         3d8       65%         4
 Martyr's Knell           Necr/Summ      9%         N/A       65%         4
 Curse of Agony           Necr           9%         N/A       94%         5
 Summon Cactus Giant      Summ           4%         N/A       100%        6
 Manifold Assault         Tloc           4%         N/A       100%        7


Dungeon Overview and Level Annotations

Branches:
Dungeon (12/15)            Temple (1/1) D:4            Lair (5/5) D:10
 Shoals (1/4) Lair:3        Snake (0/4) Lair:2        Slime (0/5) Lair:5
    Orc (2/2) D:11            Elf (0/3) Orc:2         Sewer (visited)
Volcano (visited)

Altars:
Ashenzari
Cheibriados
Dithmenos
Elyvilon
Fedhas
Gozag
Hepliaklqana
Kikubaaqudgha
Makhleb
Nemelex Xobeh
Okawaru
Qazlal
Ru
Sif Muna
Trog
Uskayaw
Vehumet
Wu Jian
Xom
Yredelemnul
Zin
The Shining One
Beogh
Jiyva

Shops:
D:5 *   D:8 =   D:9 ?   Orc:2 ?:([   Shoals:1 (

Annotations:
Lair:2 1 runed translucent door, Meopparu's ghost, journeyman FeBe
Lair:4 2 transporters
Lair:5 exclusion: obsidian statue


Innate Abilities, Weirdness & Mutations

You can wield a second weapon in your off-hand.
It takes a long time for you to wield or remove held weapons.
Your first few attacks do less damage.
You cannot equip rings or amulets.


Message History

The faun shoots a sling bullet.
The sling bullet hits you.
* * * LOW HITPOINT WARNING * * *
The faun unwields a +0 sling.
The faun wields a +0 quarterstaff.
The faun hits you but does no damage.
The merfolk siren chants a haunting song.
The sea snake misses you.
The faun is engulfed in noxious fumes.
The faun appears confused.
The faun falls into the water!
The faun drowns.
Vehumet accepts your kill.
You feel your power returning.
You hear a splash. x2
The sea snake bites you.
* * * LOW HITPOINT WARNING * * *
You are lethally poisoned!
The sea snake poisons you!
A water elemental comes into view.
A faun comes into view. It is wielding a +0 spear.
Unknown command.
Okay, then.
Okay, then.
It was a potion of invisibility.
You fade into invisibility!
You break out of your daze!
* * * LOW HITPOINT WARNING * * *
You feel extremely sick. The sea snake barely misses you.
A merfolk siren comes into view. It is wielding a +0 spear.
The faun shoots a sling bullet.
The sling bullet closely misses the sea snake.
The sling bullet hits you but does no damage.
The sea snake closely misses you. The faun misses you.
It was a potion of berserk rage.
A red film seems to cover your vision as you go berserk!
You feel yourself moving faster!
You feel mighty!
Your surroundings suddenly seem different.
Splash!
You fall into the shallow water.
Moving in this stuff is going to be slow. ...and don't expect to remain undetected.
Found an escape hatch in the floor.
Found a stone staircase leading down.
You die...

~~ .~~~≈c~~~~~~......#..
~. ..~~~~~m~~~~~........
~.#.^~~..~~≈≈~~~~~~.....
~....c...~~≈≈≈~~~~~~..#
§~§.≈≈~c.~~~≈~~~~~~..#
§~.§§°≈~......~~~~~..###
§§§§S§~~.......~~~...>..
~§§§S§.........~@.......
§§§§c§.........~~..#....
§~§§§§.........~..## .
§..............~...
~.......∩....~..>...
~~~....mm..~~~~......
~~~~~..EmE.~~~~~~~....
~~~~~......~~~~~~~....~


You could see a water elemental and a merfolk siren (wandering).

Vanquished Creatures
  Saint Roka (Orc:2)
  Gastronok (Lair:1)
  4 dire elephants (Lair:5)
  4 hydras
  Fannar (Lair:2)
  4 two-headed ogres
  A catoblepas (Lair:1)
  An alligator (Lair:5)
  2 boulder beetles
  A death yak (Lair:5)
  A spectral dire elephant (Lair:5)
  2 orc high priests (Orc:2)
  A hell knight (Volcano)
  A salamander mystic (Volcano)
  A spectral death yak (Lair:5)
  2 skysharks (Lair:4)
  A spectral anaconda (Lair:5)
  A lindwurm (Lair:5)
  3 necromancers (Lair:5)
  3 orc knights
  An obsidian bat (Orc:1)
  A deep elf pyromancer (D:11)
  3 orc sorcerers
  4 salamanders (Volcano)
  2 cyclopes (D:11)
  A manticore (D:12)
  7 elephants
  A faun (Shoals:1)
  7 kobold blastminers
  5 black mambas
  An unseen horror (D:10)
  13 cane toads
  A torpor snail (Lair:3)
  2 rime drakes
  Jeremiah (D:7)
  10 komodo dragons
  7 trolls
  2 polar bears
  17 blink frogs
  7 dream sheep (Lair:4)
  A vampire (D:11)
  2 dire elephant simulacra (Lair:5)
  37 yaks
  5 wyverns
  5 basilisks
  Grum (Lair:1)
  2 wraiths
  2 vampire mosquitoes (D:10)
  5 wargs
  Menkaure (D:5)
  A death yak simulacrum (Lair:5)
  A spectral cane toad (Lair:5)
  2 nagas (Lair:2)
  An acid dragon (D:10)
  15 water moccasins
  36 orc warriors
  12 wolves
  An elephant zombie (Lair:5)
  A black bear (D:10)
  11 ogres
  4 centaurs
  2 kobold brigands
  2 brain worms (Sewer)
  13 bullfrogs
  2 scorpions
  2 cane toad simulacra (Lair:5)
  5 killer bees (D:9)
  A troll skeleton (D:10)
  2 electric eels
  5 spriggan skeletons (D:10)
  2 hounds
  3 bombardier beetles
  8 jellies
  19 orc priests
  Jessica (D:2)
  A human skeleton (D:7)
  Terence (D:3)
  20 orc wizards
  A hound skeleton (D:7)
  14 adders
  A river rat (Sewer)
  3 shadow imps (D:6)
  2 ufetubi (D:6)
  3 dart slugs
  2 ribbon worms
  85 orcs
  8 endoplasms
  6 giant cockroaches
  7 goblins
  12 hobgoblins
  5 jackals (D:1)
  25 kobolds
  7 quokkas
  13 ball pythons
  5 bats
  3 frilled lizards
  9 rats
575 creatures vanquished.

Vanquished Creatures (collateral kills)
  Urug (Lair:1)
  A cane toad (Lair:5)
  An orc warrior (Orc:2)
  An elephant skeleton (Lair:5)
  A killer bee (D:9)
  An orc priest (Orc:2)
  An orc (Orc:2)
7 creatures vanquished.

Vanquished Creatures (others)
  An arcanist (D:8)
  30 blazeheart cores
31 creatures vanquished.

Grand Total: 613 creatures vanquished

Notes
Turn   | Place    | Note
-------+----------+-------------------------------------------
     0 | D:1      | Shayle the Coglin Alchemist began the quest for the Orb.
     0 | D:1      | Reached XP level 1. HP: 13/13 MP: 3/3
   105 | D:1      | Reached skill level 1 in Conjurations
   188 | D:1      | Reached XP level 2. HP: 16/19 MP: 1/4
   636 | D:1      | Reached XP level 3. HP: 24/24 MP: 3/5
  1178 | D:1      | Learned a level 3 spell: Mephitic Cloud
  1341 | D:2      | Reached XP level 4. HP: 24/30 MP: 2/6
  1390 | D:2      | Noticed an ogre
  1396 | D:2      | Noticed Jessica
  1403 | D:2      | Killed an ogre
  1404 | D:2      | Reached XP level 5. HP: 35/35 MP: 1/7
  1408 | D:2      | Killed Jessica
  2290 | D:3      | Reached XP level 6. HP: 41/41 MP: 2/8
  2395 | D:3      | Reached skill level 5 in Alchemy
  2470 | D:3      | Noticed Terence
  2486 | D:3      | Killed Terence
  2547 | D:4      | Found a staircase to the Ecumenical Temple.
  2556 | Temple   | Entered the Ecumenical Temple
  3415 | D:4      | Reached skill level 1 in Fire Magic
  3702 | D:4      | Noticed an angel
  3703 | D:4      | Found a glowing silver altar of Zin.
  3932 | D:4      | Reached XP level 7. HP: 26/46 MP: 6/9
  4176 | D:4      | Found an iron altar of Okawaru.
  4372 | D:5      | Entered Level 5 of the Dungeon
  4399 | D:5      | Noticed Menkaure
  4423 | D:4      | Learned a level 2 spell: Scorch
  4440 | D:5      | Killed Menkaure
  4441 | D:5      | Reached skill level 2 in Fire Magic
  4887 | D:5      | Found a glowing drain.
  4891 | Sewer    | Entered a sewer
  5874 | D:5      | Found Vogoff's Overcharged Wands.
  5909 | D:5      | Reached skill level 3 in Fire Magic
  5909 | D:5      | Reached XP level 8. HP: 52/52 MP: 6/12
  6247 | D:6      | Reached skill level 5 in Dodging
  6749 | D:7      | Found a shimmering blue altar of Sif Muna.
  6780 | D:7      | Noticed a komodo dragon
  6782 | D:7      | Found a shadowy altar of Dithmenos.
  6822 | D:7      | Killed a komodo dragon
  6823 | D:7      | Reached skill level 4 in Fire Magic
  7645 | D:6      | Reached XP level 9. HP: 57/57 MP: 0/15
  7923 | D:7      | Found a radiant altar of Vehumet.
  7924 | D:7      | Noticed Jeremiah
  8025 | D:6      | Learned a level 4 spell: Sticky Flame
  8030 | D:6      | Learned a level 4 spell: Olgreb's Toxic Radiance
  8086 | D:7      | Killed Jeremiah
  8087 | D:7      | Reached skill level 5 in Fire Magic
  8242 | D:7      | Became a worshipper of Vehumet
  8326 | D:7      | Found a burning altar of Makhleb.
  8494 | D:8      | Found Foate's Jewellery Shoppe.
  8685 | D:8      | Found a bloodstained altar of Trog.
  8691 | D:8      | Noticed a wizard
  8696 | D:8      | Killed a wizard
  8933 | D:8      | Found a broken altar of Ashenzari.
  8950 | D:8      | Reached skill level 5 in Spellcasting
  9492 | D:9      | Found Ypeenk's Magic Scroll Shoppe.
  9500 | D:9      | Bought a scroll of enchant weapon for 105 gold pieces
  9500 | D:9      | Bought a scroll of identify for 28 gold pieces
  9500 | D:9      | Bought a scroll of identify for 28 gold pieces
  9500 | D:9      | Bought a scroll of identify for 28 gold pieces
  9500 | D:9      | Bought a scroll of revelation for 105 gold pieces
  9530 | D:9      | Reached skill level 6 in Fire Magic
  9614 | D:9      | Noticed a troll
  9620 | D:9      | Killed a troll
  9699 | D:9      | Reached XP level 10. HP: 63/63 MP: 11/18
 10036 | D:9      | Reached * piety under Vehumet
 10036 | D:9      | Offered knowledge of Freeze by Vehumet.
 10128 | D:9      | Found a sacrificial altar of Ru.
 10131 | D:9      | Found a hazy altar of Hepliaklqana.
 10316 | D:10     | Entered Level 10 of the Dungeon
 10544 | D:10     | Reached skill level 7 in Fire Magic
 10640 | D:9      | Found an ornate altar of the Wu Jian Council.
 10640 | D:9      | Found a hide-covered altar of Uskayaw.
 10967 | D:10     | Identified the +1 sling of Wevefu {heavy, rF+ MP+9}
 10990 | D:10     | Reached ** piety under Vehumet
 10990 | D:10     | Offered knowledge of Searing Ray by Vehumet.
 11017 | D:10     | Noticed an elephant
 11027 | D:10     | Killed an elephant
 11028 | D:10     | Reached skill level 8 in Fire Magic
 11028 | D:10     | Reached XP level 11. HP: 55/68 MP: 5/22
 11032 | D:10     | Found a staircase to the Lair.
 11120 | Lair:1   | Entered Level 1 of the Lair of Beasts
 11158 | Lair:1   | Noticed a catoblepas
 11170 | Lair:1   | Killed a catoblepas
 11292 | Lair:1   | Noticed Gastronok
 11313 | Lair:1   | Killed Gastronok
 11324 | Lair:1   | Noticed Urug
 11336 | Lair:1   | Killed Urug
 11630 | Lair:1   | Reached skill level 9 in Fire Magic
 11635 | Lair:1   | Reached skill level 10 in Dodging
 11776 | Lair:1   | Noticed Grum
 11785 | Lair:1   | Killed Grum
 11920 | Lair:1   | Identified the +3 flail of the Destroying Gods {protect,
                  | Str+3 Int-3 Dex+4}
 11989 | Lair:1   | Identified the +4 war axe "Wayzawk" {elec, rN+ Str+3 Int+3
                  | Stlth-}
 12017 | Lair:1   | Reached XP level 12. HP: 59/74 MP: 10/24
 12831 | Lair:2   | Offered knowledge of Inner Flame by Vehumet.
 12870 | Lair:2   | Learned a level 4 spell: Summon Blazeheart Golem
 12995 | Lair:2   | Noticed Fannar
 13009 | Lair:2   | Killed Fannar
 13010 | Lair:2   | Reached skill level 1 in Fighting
 13010 | Lair:2   | Reached skill level 1 in Armour
 13037 | Lair:2   | Reached skill level 10 in Fire Magic
 13087 | Lair:2   | Reached *** piety under Vehumet
 13147 | Lair:2   | Noticed a seven-headed hydra
 13346 | Lair:2   | Killed a seven-headed hydra
 13430 | Lair:2   | Found a runed translucent door.
 13431 | Lair:2   | Identified the +6 trident "Anekleg" {chaos, rPois rC+
                  | Str+3}
 13431 | Lair:2   | Noticed Meopparu's ghost (journeyman FeBe)
 13620 | Lair:2   | Found a staircase to the Snake Pit.
 14229 | Lair:3   | Found a dark tunnel.
 14238 | Volcano  | Entered a volcano
 14244 | Volcano  | Learned a level 3 spell: Frozen Ramparts
 14367 | Volcano  | HP: 3/84 [salamander/+0 quarterstaff of flaming (5)]
 14377 | Volcano  | Offered knowledge of Iskenderun's Mystic Blast by Vehumet.
 14498 | Volcano  | Noticed a hell knight
 14510 | Volcano  | Killed a hell knight
 14516 | Volcano  | Reached skill level 5 in Fighting
 14774 | Lair:3   | Noticed an eight-headed hydra
 14784 | Lair:3   | Reached XP level 13. HP: 25/91 MP: 21/26
 14785 | Lair:3   | Reached skill level 11 in Fire Magic
 15012 | Lair:3   | Found a staircase to the Shoals.
 15020 | Lair:3   | Reached skill level 5 in Armour
 15149 | Lair:3   | Identified the +0 robe of the Game Afoot {rC+}
 15604 | Lair:3   | Reached **** piety under Vehumet
 15815 | Lair:4   | Offered knowledge of Iskenderun's Battlesphere by Vehumet.
 16100 | Lair:4   | Reached skill level 1 in Ice Magic
 16402 | Lair:4   | Found a transporter.
 16628 | Lair:4   | Found a transporter.
 16902 | Lair:5   | Entered Level 5 of the Lair of Beasts
 17056 | Lair:5   | Found a hide-covered altar of Uskayaw.
 17175 | Lair:5   | Upgraded the game from 0.32-a0-898-g7811c86cf0 to
                  | 0.32-a0-900-g30fb1b0edc
 17306 | Lair:5   | Found an ornate altar of the Wu Jian Council.
 17519 | Lair:5   | Found a viscous altar of Jiyva.
 17519 | Lair:5   | Found a staircase to the Slime Pits.
 17634 | Lair:5   | Reached ***** piety under Vehumet
 17704 | Lair:5   | Reached XP level 14. HP: 83/105 MP: 21/27
 17705 | Lair:5   | Acquired an experimental compensator {Gadgeteer, rPois rC+
                  | rCorr}
 17872 | Lair:5   | Noticed a dire elephant
 17872 | Lair:5   | Noticed a dire elephant
 17872 | Lair:5   | Noticed a dire elephant
 18320 | Lair:5   | Noticed a dire elephant
 18334 | Lair:5   | Killed a dire elephant
 18437 | Lair:5   | Offered knowledge of Starburst by Vehumet.
 18771 | Lair:5   | Reached skill level 5 in Ice Magic
 18850 | Lair:5   | Identified the +5 long sword of Akideess {venom, Will++}
 19384 | Lair:5   | Killed a dire elephant
 19453 | Lair:5   | Killed a dire elephant
 19600 | Lair:5   | Killed a dire elephant
 20358 | D:10     | Found a glowing golden altar of the Shining One.
 20899 | D:11     | Found a staircase to the Orcish Mines.
 21019 | Orc:1    | Entered Level 1 of the Orcish Mines
 21588 | Orc:2    | Entered Level 2 of the Orcish Mines
 21908 | Orc:2    | Offered knowledge of Fulminant Prism by Vehumet.
 21909 | Orc:2    | Found a roughly hewn altar of Beogh.
 21909 | Orc:2    | Found Netonl Vyafu's Book Emporium.
 22029 | Orc:2    | Found a roughly hewn altar of Beogh.
 22176 | Orc:2    | Found a roughly hewn altar of Beogh.
 22596 | Orc:2    | Found a roughly hewn altar of Beogh.
 22627 | Orc:2    | Found Toirgh's Magic Scroll Boutique.
 22912 | Orc:2    | Noticed Saint Roka
 23141 | Orc:1    | Learned a level 5 spell: Freezing Cloud
 23305 | Orc:2    | Found a staircase to the Elven Halls.
 23423 | Orc:2    | Reached XP level 15. HP: 115/115 MP: 18/28
 24232 | Orc:2    | Killed Saint Roka
 24482 | Orc:2    | Found a roughly hewn altar of Beogh.
 24482 | Orc:2    | Found Ceceost's Antique Armour Emporium.
 24483 | Orc:2    | Found Xoesamp's Antique Weapon Shoppe.
 24503 | Orc:2    | Bought a fine hand axe for 248 gold pieces
 24503 | Orc:2    | Identified the +10 hand axe "Icwyx" {pain, rF+ Int+3} (You
                  | bought it in a shop on level 2 of the Orcish Mines)
 24803 | D:11     | Offered knowledge of Lee's Rapid Deconstruction by Vehumet.
 25175 | D:11     | Reached skill level 10 in Ice Magic
 25254 | D:11     | Identified the +2 ring mail "Etromour" {Str+2}
 26146 | Shoals:1 | Entered Level 1 of the Shoals
 26146 | Shoals:1 | Found Quxon's Weapon Emporium.
 26157 | Shoals:1 | HP: 4/115 [poisoned by a sea snake]
 26158 | Shoals:1 | Succumbed to a sea snake's poison

Illustrated notes

Levels and vault maps discovered:
D:1:      onia_arrival_pyramid, layout_basic, hangedman_decor_push,
          minmay_unequal
D:2:      layout_rooms, kennysheep_generic_room_9, uniq_jessica
D:3:      layout_loops_ring, uniq_terence
D:4:      layout_gridville, zin_angel, mainiacjoe_overflow_small_starburst,
          minmay_temple_entry_mini_moons
D:5:      layout_basic, gup_sewer_entry_bowl, minmay_misc_feat_diagonals,
          nicolae_shop_overcharged_wands, uniq_menkaure
D:6:      layout_gridville
D:7:      layout_rooms, nicolae_dithmenos_through_a_glass_darkly,
          makhleb_blood_cavern_becter, mainiacjoe_overflow_six_doors_small,
          general_overflow_altar, uniq_jeremiah
D:8:      layout_loops_corners, nicolae_ashenzari_skybound, trog_wizard,
          serial_shops, shop, serial_rivers, chequers_serial_rivers_micro_b,
          chequers_serial_rivers_marsh, chequers_serial_rivers_room_a,
          chequers_serial_rivers_micro_c, minmay_hedge_maze
D:9:      layout_loops_cross, nicolae_overflow_hidden_temple, serial_shops, shop
D:10:     layout_cave_pools, nicolae_tso_carved_into_rock,
          grunt_lair_entry_orc_guard_hut, kennysheep_path_1,
          hangedman_tell_no_tales
D:11:     layout_irregular_city, erik_orc_3
D:12:     layout_long_grid
Temple:   nicolae_temple_ecumenical_triangle
Lair:1:   layout_chaotic_city, uniq_gastronok, uniq_grum, uniq_urug
Lair:2:   layout_regular_city, guppyfry_snake_entry_island,
          ebering_ghost_funeral_grove, serial_bayou_lake_a, uniq_fannar
Lair:3:   layout_regular_city, shoals_dummy_entry,
          lightli_volcano_entry_magma_tube
Lair:4:   gammafunk_boulding_lane, layout_hall_layers, grunt_megastairs_3
Lair:5:   due_jungle_book, layout_gridlike, nicolae_slime_entry_field_trip,
          st_stairs_10, nzn_masters_of_martial_movement
Shoals:1: layout_shoals, serial_shops, shop, nicolae_shoals_flooded_hall
Orc:1:    layout_caves
Orc:2:    grunt_orc_community_town_hall, layout_caves,
          grunt_orc_community_big_house_1, grunt_orc_community_big_house_1,
          grunt_orc_community_house_2, grunt_orc_community_house_3,
          grunt_orc_community_house_2, grunt_orc_community_house_3

Skill      XL: |  1  2  3  4  5  6  7  8  9 10 11 12 13 14 15 |
---------------+----------------------------------------------+-----
Conjurations   | 1 2 3 4 |  4.4
Dodging        | 2 3 4 6 7 9 10 | 10.6
Alchemy        | 4 5 |  5.0
Fire Magic     | 1 3 4 6 8 9 10 11 | 11.4
Spellcasting   | 2 4 5 7 8 9 |  9.0
Fighting       | 5 8 9 |  9.9
Armour         | 4 7 9 |  9.0
Ice Magic      | 4 8 10 | 10.0
Stealth        | |  1.5

Action                     |  1- 3 |  4- 6 |  7- 9 | 10-12 | 13-15 || total
---------------------------+-------+-------+-------+-------+-------++-------
  Melee: Unarmed           |    12 |       |       |       |       ||    12
         Short sword       |    44 |    61 |    52 |       |       ||   157
         Hand axe          |    30 |    47 |       |       |       ||    77
         Flail             |       |    12 |    84 |   187 |   330 ||   613
         Trident           |       |       |    36 |   204 |   352 ||   592
   Cast: Sting             |    42 |    87 |    21 |    18 |    20 ||   188
         Mephitic Cloud    |       |    10 |    29 |    49 |    98 ||   186
         Scorch            |       |       |    64 |    57 |    86 ||   207
         Olgreb's Toxic Ra |       |       |     1 |    10 |    64 ||    75
         Sticky Flame      |       |       |       |    29 |    91 ||   120
         Summon Blazeheart |       |       |       |     6 |    30 ||    36
         Frozen Ramparts   |       |       |       |     3 |     3 ||     6
         Freezing Cloud    |       |       |       |       |     2 ||     2
Ability: Invent Gizmo      |       |       |       |       |     1 ||     1
  Evoke: Wand              |       |       |    10 |     6 |    14 ||    30
    Use: Scroll            |     4 |       |    17 |     9 |    11 ||    41
         Potion            |     1 |     1 |     2 |     3 |     5 ||    12
   Stab: Sleeping          |     3 |       |     2 |       |     1 ||     6
         Confused          |       |     3 |    11 |    27 |    40 ||    81
 Armour: Robe              |    39 |    44 |    59 |       |       ||   142
         Troll leather arm |       |       |     2 |   185 |       ||   187
         Leather armour    |       |       |       |    25 |   473 ||   498
         Fire dragon scale |       |       |       |     5 |       ||     5
  Dodge: Dodged            |    63 |    59 |    98 |   258 |   487 ||   965

Table legend: (Time is in decaauts)
 A = Elapsed time spent in this place.
 B = Non-inter-level travel time spent in this place.
 C = Inter-level travel time spent in this place.
 D = Time resting spent in this place.
 E = Time spent auto-exploring this place.
 F = Levels seen in this place.
 G = Mean time per level.
                   A        B        C        D        E       F      G
               +--------+--------+--------+--------+--------+-----+--------+
         Total |  26821 |  25762 |   1059 |   7015 |  12055 |  23 | 1166.1 |
       Dungeon |  12985 |  12553 |    432 |   2283 |   7159 |  12 | 1082.1 |
        Temple |      1 |      0 |      1 |      0 |      0 |   1 |    1.0 |
          Lair |   8835 |   8521 |    314 |   2874 |   3606 |   5 | 1767.0 |
        Shoals |     12 |     12 |      0 |      0 |      0 |   1 |   12.0 |
  Orcish Mines |   3681 |   3371 |    310 |   1328 |   1052 |   2 | 1840.5 |
         Sewer |    803 |    803 |      0 |    384 |    145 |   1 |  803.0 |
       Volcano |    501 |    501 |      0 |    146 |     92 |   1 |  501.0 |
               +--------+--------+--------+--------+--------+-----+--------+

Top non-repeatable levels by time:
  Lair:5: 3115 daAuts
   Orc:2: 2896 daAuts
  Lair:1: 1689 daAuts
  Lair:2: 1532 daAuts
    D:10: 1526 daAuts
  Lair:3: 1477 daAuts
    D:11: 1452 daAuts
     D:6: 1348 daAuts
     D:4: 1322 daAuts
     D:1: 1274 daAuts
     D:5: 1141 daAuts
  Lair:4: 1020 daAuts
     D:3: 1003 daAuts
     D:8: 987 daAuts
     D:9: 955 daAuts
